Connexion

Wolf Pack vs Roadrunners

Created - 25 octobre 2023 at 05:33

Goals
1 2 3 T
Wolf Pack 2 1 3 6
Roadrunners 1 0 2 3
Shots
1 2 3 T
Wolf Pack 21 9 13 43
Roadrunners 7 18 10 35

GoalsPenalties
1st period
1. Wolf Pack , Dave Gust 7 (Brad Richardson 11, Matt Donovan 17) at 0:31
2. Wolf Pack , Ben Holmstrom 9 (Luke Witkowski 10, Daniel Walcott 17) at 1:08
3. Roadrunners , Paul Ladue 2 (Gabriel Dumont 13, Scott Wilson 18) at 12:19
Adam Erne (TUC) for Tripping (Minor) at 1:51
Nic Dowd (TUC) for Holding (Minor) at 10:01
Brad Hunt (TUC) for High sticking (Double Minor) at 13:25
Drake Caggiula (TUC) for Roughing (Minor) at 19:22
2nd period
4. Wolf Pack , Shane Bowers 2 (Nick Lappin 5, Tyler Wotherspoon 11) at 1:59
Zac Dalpe (HAR) for Tripping (Minor) at 2:15
Mads Sogaard (HAR) for Slashing (Minor) at 4:32 - Santerri Saari served the penalty.
3rd period
5. Wolf Pack , Zac Dalpe 13 (Matt Donovan 18, Tyler Wotherspoon 12) at 3:33
6. Roadrunners , Scott Wilson 14 (Nic Dowd 17, Gabriel Dumont 14) at 7:52
7. Roadrunners , Mac Hollowell 5 (Kevin Roy 10, Nicolas Hague 10) at 9:59
8. Wolf Pack , Brad Richardson 7 (Dave Gust 12, Matt Donovan 19) at 10:38
9. Wolf Pack , Cole Bardreau 16 (Joe Thornton 20, Jeremy Bracco 16) at 17:42
Santerri Saari (HAR) for Holding (Minor) at 13:35
Nic Dowd (TUC) for Holding (Minor) at 17:51
Goalie Stats
Mads Sogaard (HAR), 32 saves from 35 shots - (0,914), W, 9-10-1, 60:00 minutes
Calvin Pickard (TUC), 37 saves from 43 shots - (0,860), L, 10-11-2, 60:00 minutes
3 StarsOfficial
1 - Brad Richardson (HAR)
2 - Matt Donovan (HAR)
3 - Dave Gust (HAR)
Referees : Gord Dwyer and Chris Rooney
Linesman : Scott Driscoll and Thor Nelson
Game Note
No Game Note
Finance
Level 1 -- Attendance: 1748 (87,40%) -- Ticket Income 57 684 $
Level 2 -- Attendance: 866 (86,60%) -- Ticket Income 16 454 $
Total Attendance: 2614 (87,13%)
Total Ticket Income: 74 138 $
Other Income: 14 828 $
Total Income: 88 966 $



Team Name Goals Shots Shots Attemp Shots Blocked PIM HIT PP PK FO%
Wolf Pack 64387106180 / 6 (0%)065%
Roadrunners 335591112230 / 3 (0%)035%

Wolf Pack
Player Name POS G A P +/- PIM HIT SHT SB MP PP MP PP SHT PK MP PK SHT FO% FOT
Ben HolmstromC/RW1011005018:145:4730:17069% 26
Brad RichardsonC/LW/RW1123014022:046:0812:32067% 3
Cole BardreauC/RW101-1024014:420:0001:240100% 1
Daniel WalcottD0110043221:514:5022:4600% 0
Dave GustRW1123003022:396:0813:07060% 5
Emile PoirierLW/RW0001014018:445:4720:47033% 3
Jeremy BraccoLW/RW011-1003113:180:0000:000100% 1
Joe ThorntonC011-1002113:180:0000:00055% 20
Luke WitkowskiRW0111053019:155:4711:1800% 1
Matt DonovanD0333002125:077:0523:1100% 0
Michael KaplaD0000000113:130:0000:1100% 0
Nick LappinC/RW011000003:160:0000:00040% 5
Santerri SaariD0000231013:010:0000:0000% 0
Seth HelgesonD0000001221:514:5012:4600% 0
Shane BowersC/RW101001103:160:0000:0000% 0
Ty RonningRW000000000:000:0000:0000% 0
Tyler WotherspoonD0223013224:567:0533:0000% 0
Zac Dalpe C/LW/RW1013204025:166:0822:29076% 33
Roadrunners
Player Name POS G A P +/- PIM HIT SHT SB MP PP MP PP SHT PK MP PK SHT FO% FOT
Adam ErneLW/RW000021004:510:0000:0000% 0
Aleksi SaarelaC/LW000-2004025:012:3617:42036% 25
Alexander PetrovicD000-2050225:262:5605:1500% 0
Anthony GrecoLW/RW000-2008025:262:4527:58125% 16
Brad HuntD000-2400023:072:5602:5700% 0
Drake CaggiulaC/LW/RW000-2263120:292:3603:11014% 7
Gabriel DumontC/RW0221011015:213:1200:0000% 0
Justin KirklandC/LW/RW000-2001012:300:0002:060100% 2
Kevin RoyLW/RW011-2003010:330:0900:0000% 0
Kole LindRW000000014:520:0000:0000% 0
Lane PedersonC000-2001110:330:0900:00033% 15
Mac HollowellD1010012222:022:5216:1500% 0
Morgan BarronC/LW000000104:520:0000:00029% 7
Nic DowdC/RW0111443018:123:1202:53044% 25
Nicolas HagueD0110031222:262:5206:3900% 0
Noah JuulsenD000-1020112:180:0900:1100% 0
Paul LadueD101-1001114:400:0902:3300% 0
Scott WilsonC/LW1121006015:213:1200:0000% 1



Play-by-Play

1st period


0:01 of 1st period - Dave Gust wins face-off versus Aleksi Saarela in neutral zone.
0:31 of 1st period - Shot by Dave Gust.
0:31 of 1st period - Goal by Dave Gust - Wolf Pack : 1 - Roadrunners : 0.
0:32 of 1st period - Ben Holmstrom wins face-off versus Nic Dowd in neutral zone.
0:48 of 1st period - Icing by Daniel Walcott.
0:49 of 1st period - Lane Pederson wins face-off versus Ben Holmstrom in Wolf Pack zone.
1:06 of 1st period - Shot by Luke Witkowski.
1:06 of 1st period - Shot Misses the Net.
1:08 of 1st period - Shot by Ben Holmstrom.
1:08 of 1st period - Goal by Ben Holmstrom - Wolf Pack : 2 - Roadrunners : 0.
1:09 of 1st period - Joe Thornton wins face-off versus Morgan Barron in neutral zone.
1:09 of 1st period - Joe Thornton is hit by Adam Erne.
1:51 of 1st period - Minor Penalty to Adam Erne for Tripping.
1:52 of 1st period - Zac Dalpe wins face-off versus Anthony Greco in Roadrunners zone.
1:52 of 1st period - Dave Gust is hit by Nicolas Hague and loses puck.
2:47 of 1st period - Anthony Greco is hit by Luke Witkowski and loses puck.
3:48 of 1st period - Shot by Matt Donovan.
3:48 of 1st period - Shot Misses the Net.
3:50 of 1st period - Shot by Tyler Wotherspoon.
3:50 of 1st period - Stopped by Calvin Pickard without a rebound.
3:51 of 1st period - Joe Thornton wins face-off versus Lane Pederson in Roadrunners zone.
4:13 of 1st period - Shot by Kevin Roy.
4:13 of 1st period - Stopped by Mads Sogaard with a rebound.
4:15 of 1st period - Shot by Kevin Roy.
4:15 of 1st period - Stopped by Mads Sogaard without a rebound.
4:16 of 1st period - Nick Lappin wins face-off versus Nic Dowd in Wolf Pack zone.
4:35 of 1st period - Shot by Scott Wilson.
4:35 of 1st period - Deflect By Gabriel Dumont.
4:35 of 1st period - Shot Blocked by Seth Helgeson.
4:46 of 1st period - Shane Bowers is hit by Alexander Petrovic.
5:07 of 1st period - Icing by Santerri Saari.
5:08 of 1st period - Aleksi Saarela wins face-off versus Ben Holmstrom in Wolf Pack zone.
5:19 of 1st period - Shot by Aleksi Saarela.
5:19 of 1st period - Stopped by Mads Sogaard without a rebound.
5:20 of 1st period - Lane Pederson wins face-off versus Joe Thornton in Wolf Pack zone.
5:20 of 1st period - Noah Juulsen is hit by Tyler Wotherspoon and loses puck.
5:29 of 1st period - Shot by Justin Kirkland.
5:29 of 1st period - Shot Blocked by Jeremy Bracco.
5:33 of 1st period - Shot by Justin Kirkland.
5:33 of 1st period - Shot Misses the Net.
6:27 of 1st period - Shot by Drake Caggiula.
6:27 of 1st period - Shot Hit the Post.
6:29 of 1st period - Shot by Drake Caggiula.
6:29 of 1st period - Stopped by Mads Sogaard without a rebound.
6:30 of 1st period - Zac Dalpe wins face-off versus Nic Dowd in Wolf Pack zone.
6:35 of 1st period - Nic Dowd is hit by Daniel Walcott and loses puck.
6:48 of 1st period - Shot by Gabriel Dumont.
6:48 of 1st period - Shot Blocked by Daniel Walcott.
6:50 of 1st period - Shot by Scott Wilson.
6:50 of 1st period - Stopped by Mads Sogaard without a rebound.
6:51 of 1st period - Drake Caggiula wins face-off versus Ben Holmstrom in Wolf Pack zone.
7:02 of 1st period - Shot by Anthony Greco.
7:02 of 1st period - Shot Misses the Net.
8:04 of 1st period - Shot by Zac Dalpe .
8:04 of 1st period - Shot Misses the Net.
8:16 of 1st period - Shot by Scott Wilson.
8:16 of 1st period - Shot Blocked by Seth Helgeson.
8:39 of 1st period - Icing by Justin Kirkland.
8:40 of 1st period - Lane Pederson wins face-off versus Joe Thornton in Roadrunners zone.
8:54 of 1st period - Icing by Jeremy Bracco.
8:55 of 1st period - Joe Thornton wins face-off versus Aleksi Saarela in Wolf Pack zone.
9:11 of 1st period - Shot by Aleksi Saarela.
9:11 of 1st period - Shot Misses the Net.
9:19 of 1st period - Shot by Anthony Greco.
9:19 of 1st period - Stopped by Mads Sogaard without a rebound.
9:20 of 1st period - Nic Dowd wins face-off versus Nick Lappin in Wolf Pack zone.
9:56 of 1st period - Shot by Nick Lappin.
9:56 of 1st period - Shot Misses the Net.
10:01 of 1st period - Minor Penalty to Nic Dowd for Holding.
10:02 of 1st period - Anthony Greco wins face-off versus Ben Holmstrom in Roadrunners zone.
10:39 of 1st period - Shot by Luke Witkowski.
10:39 of 1st period - Stopped by Calvin Pickard without a rebound.
10:40 of 1st period - Zac Dalpe wins face-off versus Drake Caggiula in Roadrunners zone.
11:00 of 1st period - Dave Gust is hit by Nicolas Hague and loses puck.
11:07 of 1st period - Shot by Zac Dalpe .
11:07 of 1st period - Stopped by Calvin Pickard with a rebound.
11:41 of 1st period - Shot by Matt Donovan.
11:41 of 1st period - Stopped by Calvin Pickard with a rebound.
11:43 of 1st period - Shot by Matt Donovan.
11:43 of 1st period - Shot Misses the Net.
11:45 of 1st period - Shot by Tyler Wotherspoon.
11:45 of 1st period - Shot Misses the Net.
11:47 of 1st period - Shot by Tyler Wotherspoon.
11:47 of 1st period - Stopped by Calvin Pickard without a rebound.
11:48 of 1st period - Zac Dalpe wins face-off versus Anthony Greco in Roadrunners zone.
11:49 of 1st period - Shot by Brad Richardson.
11:49 of 1st period - Shot Misses the Net.
11:51 of 1st period - Shot by Matt Donovan.
11:51 of 1st period - Shot Blocked by Alexander Petrovic.
11:53 of 1st period - Shot by Matt Donovan.
11:53 of 1st period - Shot Misses the Net.
11:55 of 1st period - Shot by Brad Richardson.
11:55 of 1st period - Deflect By Dave Gust.
11:55 of 1st period - Stopped by Calvin Pickard without a rebound.
11:56 of 1st period - Emile Poirier wins face-off versus Aleksi Saarela in Roadrunners zone.
12:16 of 1st period - Gabriel Dumont is hit by Santerri Saari and loses puck.
12:19 of 1st period - Shot by Paul Ladue.
12:19 of 1st period - Goal by Paul Ladue - Wolf Pack : 2 - Roadrunners : 1.
12:20 of 1st period - Morgan Barron wins face-off versus Nick Lappin in neutral zone.
12:20 of 1st period - Mac Hollowell is hit by Shane Bowers and loses puck.
12:48 of 1st period - Shot by Nick Lappin.
12:48 of 1st period - Deflect By Shane Bowers.
12:48 of 1st period - Shot Blocked by Kole Lind.
13:07 of 1st period - Icing by Mac Hollowell.
13:08 of 1st period - Morgan Barron wins face-off versus Luke Witkowski in Roadrunners zone.
13:24 of 1st period - Matt Donovan is hit by Alexander Petrovic and loses puck.
13:25 of 1st period - Double Minor Penalty to Brad Hunt for High sticking.
13:26 of 1st period - Zac Dalpe wins face-off versus Anthony Greco in Roadrunners zone.
13:27 of 1st period - Shot by Dave Gust.
13:27 of 1st period - Shot Blocked by Alexander Petrovic.
13:29 of 1st period - Shot by Brad Richardson.
13:29 of 1st period - Shot Misses the Net.
13:31 of 1st period - Shot by Zac Dalpe .
13:31 of 1st period - Stopped by Calvin Pickard without a rebound.
13:32 of 1st period - Ben Holmstrom wins face-off versus Anthony Greco in Roadrunners zone.
14:07 of 1st period - Shot by Ben Holmstrom.
14:07 of 1st period - Stopped by Calvin Pickard without a rebound.
14:08 of 1st period - Zac Dalpe wins face-off versus Drake Caggiula in Roadrunners zone.
14:19 of 1st period - Shot by Dave Gust.
14:19 of 1st period - Shot Blocked by Mac Hollowell.
14:21 of 1st period - Shot by Brad Richardson.
14:21 of 1st period - Stopped by Calvin Pickard without a rebound.
14:22 of 1st period - Zac Dalpe wins face-off versus Anthony Greco in Roadrunners zone.
14:56 of 1st period - Shot by Dave Gust.
14:56 of 1st period - Deflect By Brad Richardson.
14:56 of 1st period - Shot Misses the Net.
15:22 of 1st period - Shot by Emile Poirier.
15:22 of 1st period - Stopped by Calvin Pickard without a rebound.
15:23 of 1st period - Ben Holmstrom wins face-off versus Anthony Greco in Roadrunners zone.
15:38 of 1st period - Shot by Ben Holmstrom.
15:38 of 1st period - Deflect By Emile Poirier.
15:38 of 1st period - Shot Misses the Net.
15:46 of 1st period - Shot by Matt Donovan.
15:46 of 1st period - Shot Misses the Net.
15:48 of 1st period - Shot by Emile Poirier.
15:48 of 1st period - Stopped by Calvin Pickard with a rebound.
15:50 of 1st period - Shot by Ben Holmstrom.
15:50 of 1st period - Shot Misses the Net.
16:11 of 1st period - Icing by Zac Dalpe .
16:12 of 1st period - Zac Dalpe wins face-off versus Drake Caggiula in Wolf Pack zone.
16:24 of 1st period - Shot by Daniel Walcott.
16:24 of 1st period - Stopped by Calvin Pickard without a rebound.
16:25 of 1st period - Anthony Greco wins face-off versus Zac Dalpe in Roadrunners zone.
16:42 of 1st period - Shot by Matt Donovan.
16:42 of 1st period - Stopped by Calvin Pickard without a rebound.
16:43 of 1st period - Ben Holmstrom wins face-off versus Drake Caggiula in Roadrunners zone.
16:48 of 1st period - Shot by Seth Helgeson.
16:48 of 1st period - Stopped by Calvin Pickard without a rebound.
16:49 of 1st period - Ben Holmstrom wins face-off versus Anthony Greco in Roadrunners zone.
16:54 of 1st period - Shot by Seth Helgeson.
16:54 of 1st period - Shot Misses the Net.
16:56 of 1st period - Shot by Daniel Walcott.
16:56 of 1st period - Stopped by Calvin Pickard without a rebound.
16:57 of 1st period - Ben Holmstrom wins face-off versus Anthony Greco in Roadrunners zone.
16:58 of 1st period - Shot by Luke Witkowski.
16:58 of 1st period - Shot Blocked by Mac Hollowell.
17:07 of 1st period - Icing by Matt Donovan.
17:08 of 1st period - Ben Holmstrom wins face-off versus Anthony Greco in Wolf Pack zone.
17:37 of 1st period - Icing by Justin Kirkland.
17:38 of 1st period - Justin Kirkland wins face-off versus Joe Thornton in Roadrunners zone.
17:58 of 1st period - Shot by Jeremy Bracco.
17:58 of 1st period - Shot Misses the Net.
18:00 of 1st period - Shot by Joe Thornton.
18:00 of 1st period - Shot Misses the Net.
18:02 of 1st period - Shot by Cole Bardreau.
18:02 of 1st period - Shot Misses the Net.
18:08 of 1st period - Shot by Jeremy Bracco.
18:08 of 1st period - Stopped by Calvin Pickard with a rebound.
18:10 of 1st period - Shot by Joe Thornton.
18:10 of 1st period - Shot Blocked by Nicolas Hague.
18:12 of 1st period - Shot by Jeremy Bracco.
18:12 of 1st period - Stopped by Calvin Pickard without a rebound.
18:13 of 1st period - Zac Dalpe wins face-off versus Drake Caggiula in Roadrunners zone.
18:30 of 1st period - Tyler Wotherspoon is hit by Drake Caggiula and loses puck.
18:34 of 1st period - Icing by Dave Gust.
18:35 of 1st period - Nic Dowd wins face-off versus Zac Dalpe in Wolf Pack zone.
18:56 of 1st period - Shot by Dave Gust.
18:56 of 1st period - Stopped by Calvin Pickard without a rebound.
18:57 of 1st period - Aleksi Saarela wins face-off versus Ben Holmstrom in Roadrunners zone.
19:22 of 1st period - Minor Penalty to Drake Caggiula for Roughing.
19:23 of 1st period - Zac Dalpe wins face-off versus Anthony Greco in Roadrunners zone.
19:37 of 1st period - Tyler Wotherspoon is hit by Mac Hollowell and loses puck.
19:40 of 1st period - Shot by Tyler Wotherspoon.
19:40 of 1st period - Stopped by Calvin Pickard without a rebound.
19:41 of 1st period - Justin Kirkland wins face-off versus Emile Poirier in Roadrunners zone.
19:41 of 1st period - Justin Kirkland is hit by Luke Witkowski.
19:57 of 1st period - Nicolas Hague is hit by Luke Witkowski and loses puck.
Goals for this period are 2 for Wolf Pack vs 1 for Roadrunners.
Shots for this period are 21 for Wolf Pack vs 7 for Roadrunners.

2nd period


0:01 of 2nd period - Anthony Greco wins face-off versus Zac Dalpe in neutral zone.
1:20 of 2nd period - Anthony Greco is hit by Emile Poirier.
1:32 of 2nd period - Joe Thornton is hit by Noah Juulsen and loses puck.
1:45 of 2nd period - Shot by Jeremy Bracco.
1:45 of 2nd period - Stopped by Calvin Pickard without a rebound.
1:46 of 2nd period - Nic Dowd wins face-off versus Nick Lappin in Roadrunners zone.
1:57 of 2nd period - Shot by Nick Lappin.
1:57 of 2nd period - Shot Misses the Net.
1:59 of 2nd period - Shot by Shane Bowers.
1:59 of 2nd period - Goal by Shane Bowers - Wolf Pack : 3 - Roadrunners : 1.
2:00 of 2nd period - Aleksi Saarela wins face-off versus Zac Dalpe in neutral zone.
2:02 of 2nd period - Mac Hollowell is hit by Santerri Saari and loses puck.
2:05 of 2nd period - Shot by Nicolas Hague.
2:05 of 2nd period - Stopped by Mads Sogaard with a rebound.
2:15 of 2nd period - Minor Penalty to Zac Dalpe for Tripping.
2:16 of 2nd period - Cole Bardreau wins face-off versus Nic Dowd in Wolf Pack zone.
2:48 of 2nd period - Brad Richardson is hit by Gabriel Dumont and loses puck.
3:48 of 2nd period - Drake Caggiula is hit by Daniel Walcott and loses puck.
3:51 of 2nd period - Shot by Drake Caggiula.
3:51 of 2nd period - Deflect By Anthony Greco.
3:51 of 2nd period - Stopped by Mads Sogaard with a rebound.
3:53 of 2nd period - Shot by Nicolas Hague.
3:53 of 2nd period - Shot Blocked by Daniel Walcott.
3:55 of 2nd period - Shot by Mac Hollowell.
3:55 of 2nd period - Shot Misses the Net.
4:21 of 2nd period - Shot by Morgan Barron.
4:21 of 2nd period - Shot Misses the Net.
4:28 of 2nd period - Shot by Adam Erne.
4:28 of 2nd period - Shot Misses the Net.
4:30 of 2nd period - Shot by Morgan Barron.
4:30 of 2nd period - Deflect By Adam Erne.
4:30 of 2nd period - Shot Blocked by Michael Kapla.
4:32 of 2nd period - Shot by Morgan Barron.
4:32 of 2nd period - Stopped by Mads Sogaard without a rebound.
4:32 of 2nd period - Minor Penalty to Mads Sogaard for Slashing.
4:33 of 2nd period - Zac Dalpe wins face-off versus Drake Caggiula in Wolf Pack zone.
4:33 of 2nd period - Zac Dalpe is hit by Drake Caggiula.
4:42 of 2nd period - Off-side.
4:43 of 2nd period - Nic Dowd wins face-off versus Zac Dalpe in neutral zone.
5:04 of 2nd period - Shot by Mac Hollowell.
5:04 of 2nd period - Stopped by Mads Sogaard without a rebound.
5:05 of 2nd period - Zac Dalpe wins face-off versus Aleksi Saarela in Wolf Pack zone.
5:05 of 2nd period - Daniel Walcott is hit by Drake Caggiula and loses puck.
5:34 of 2nd period - Shot by Anthony Greco.
5:34 of 2nd period - Shot Misses the Net.
5:36 of 2nd period - Shot by Aleksi Saarela.
5:36 of 2nd period - Stopped by Mads Sogaard with a rebound.
5:38 of 2nd period - Shot by Anthony Greco.
5:38 of 2nd period - Stopped by Mads Sogaard with a rebound.
6:33 of 2nd period - Icing by Matt Donovan.
6:34 of 2nd period - Ben Holmstrom wins face-off versus Lane Pederson in Wolf Pack zone.
7:27 of 2nd period - Icing by Daniel Walcott.
7:28 of 2nd period - Joe Thornton wins face-off versus Morgan Barron in Wolf Pack zone.
8:02 of 2nd period - Shot by Jeremy Bracco.
8:02 of 2nd period - Shot Misses the Net.
8:20 of 2nd period - Shot by Anthony Greco.
8:20 of 2nd period - Stopped by Mads Sogaard without a rebound.
8:21 of 2nd period - Zac Dalpe wins face-off versus Nic Dowd in Wolf Pack zone.
8:21 of 2nd period - Brad Richardson is hit by Nic Dowd and loses puck.
8:48 of 2nd period - Icing by Brad Richardson.
8:49 of 2nd period - Aleksi Saarela wins face-off versus Zac Dalpe in Wolf Pack zone.
9:08 of 2nd period - Shot by Aleksi Saarela.
9:08 of 2nd period - Shot Misses the Net.
9:10 of 2nd period - Shot by Drake Caggiula.
9:10 of 2nd period - Stopped by Mads Sogaard without a rebound.
9:11 of 2nd period - Ben Holmstrom wins face-off versus Lane Pederson in Wolf Pack zone.
9:58 of 2nd period - Brad Hunt is hit by Daniel Walcott.
10:19 of 2nd period - Icing by Cole Bardreau.
10:20 of 2nd period - Nic Dowd wins face-off versus Joe Thornton in Wolf Pack zone.
10:20 of 2nd period - Nic Dowd is hit by Daniel Walcott.
10:22 of 2nd period - Shot by Scott Wilson.
10:22 of 2nd period - Stopped by Mads Sogaard without a rebound.
10:23 of 2nd period - Dave Gust wins face-off versus Aleksi Saarela in Wolf Pack zone.
10:44 of 2nd period - Matt Donovan is hit by Drake Caggiula and loses puck.
10:49 of 2nd period - Shot by Drake Caggiula.
10:49 of 2nd period - Deflect By Aleksi Saarela.
10:49 of 2nd period - Shot Blocked by Tyler Wotherspoon.
10:51 of 2nd period - Shot by Nicolas Hague.
10:51 of 2nd period - Shot Blocked by Tyler Wotherspoon.
10:53 of 2nd period - Shot by Anthony Greco.
10:53 of 2nd period - Stopped by Mads Sogaard with a rebound.
12:36 of 2nd period - Shot by Joe Thornton.
12:36 of 2nd period - Stopped by Calvin Pickard without a rebound.
12:37 of 2nd period - Nick Lappin wins face-off versus Aleksi Saarela in Roadrunners zone.
12:41 of 2nd period - Icing by Nicolas Hague.
12:42 of 2nd period - Aleksi Saarela wins face-off versus Joe Thornton in Roadrunners zone.
12:42 of 2nd period - Drake Caggiula is hit by Cole Bardreau and loses puck.
12:59 of 2nd period - Shot by Aleksi Saarela.
12:59 of 2nd period - Stopped by Mads Sogaard without a rebound.
13:00 of 2nd period - Zac Dalpe wins face-off versus Lane Pederson in Wolf Pack zone.
13:17 of 2nd period - Brad Hunt is hit by Brad Richardson.
13:59 of 2nd period - Shot by Anthony Greco.
13:59 of 2nd period - Stopped by Mads Sogaard without a rebound.
14:00 of 2nd period - Joe Thornton wins face-off versus Aleksi Saarela in Wolf Pack zone.
14:02 of 2nd period - Icing by Jeremy Bracco.
14:03 of 2nd period - Aleksi Saarela wins face-off versus Joe Thornton in Wolf Pack zone.
14:12 of 2nd period - Shot by Drake Caggiula.
14:12 of 2nd period - Stopped by Mads Sogaard without a rebound.
14:13 of 2nd period - Nic Dowd wins face-off versus Ben Holmstrom in Wolf Pack zone.
14:18 of 2nd period - Shot by Nic Dowd.
14:18 of 2nd period - Stopped by Mads Sogaard with a rebound.
14:20 of 2nd period - Shot by Nic Dowd.
14:20 of 2nd period - Deflect By Scott Wilson.
14:20 of 2nd period - Stopped by Mads Sogaard with a rebound.
14:44 of 2nd period - Shot by Gabriel Dumont.
14:44 of 2nd period - Stopped by Mads Sogaard without a rebound.
14:45 of 2nd period - Zac Dalpe wins face-off versus Aleksi Saarela in Wolf Pack zone.
14:52 of 2nd period - Seth Helgeson is hit by Drake Caggiula and loses puck.
16:02 of 2nd period - Icing by Nic Dowd.
16:03 of 2nd period - Ben Holmstrom wins face-off versus Nic Dowd in Roadrunners zone.
16:16 of 2nd period - Shot by Luke Witkowski.
16:16 of 2nd period - Shot Misses the Net.
16:18 of 2nd period - Shot by Luke Witkowski.
16:18 of 2nd period - Stopped by Calvin Pickard without a rebound.
16:19 of 2nd period - Lane Pederson wins face-off versus Joe Thornton in Roadrunners zone.
16:32 of 2nd period - Shot by Lane Pederson.
16:32 of 2nd period - Stopped by Mads Sogaard without a rebound.
16:33 of 2nd period - Nic Dowd wins face-off versus Emile Poirier in Wolf Pack zone.
16:49 of 2nd period - Emile Poirier is hit by Nicolas Hague and loses puck.
16:55 of 2nd period - Icing by Nicolas Hague.
16:56 of 2nd period - Zac Dalpe wins face-off versus Nic Dowd in Roadrunners zone.
17:01 of 2nd period - Shot by Brad Richardson.
17:01 of 2nd period - Shot Blocked by Nicolas Hague.
18:16 of 2nd period - Shot by Seth Helgeson.
18:16 of 2nd period - Shot Misses the Net.
18:18 of 2nd period - Shot by Emile Poirier.
18:18 of 2nd period - Stopped by Calvin Pickard without a rebound.
18:19 of 2nd period - Joe Thornton wins face-off versus Morgan Barron in Roadrunners zone.
18:19 of 2nd period - Joe Thornton is hit by Noah Juulsen.
18:21 of 2nd period - Shot by Cole Bardreau.
18:21 of 2nd period - Stopped by Calvin Pickard without a rebound.
18:22 of 2nd period - Ben Holmstrom wins face-off versus Lane Pederson in Roadrunners zone.
18:23 of 2nd period - Shot by Luke Witkowski.
18:23 of 2nd period - Stopped by Calvin Pickard with a rebound.
18:29 of 2nd period - Shot by Emile Poirier.
18:29 of 2nd period - Shot Blocked by Noah Juulsen.
18:31 of 2nd period - Shot by Ben Holmstrom.
18:31 of 2nd period - Stopped by Calvin Pickard without a rebound.
18:32 of 2nd period - Jeremy Bracco wins face-off versus Nic Dowd in Roadrunners zone.
18:47 of 2nd period - Shot by Joe Thornton.
18:47 of 2nd period - Stopped by Calvin Pickard without a rebound.
18:48 of 2nd period - Ben Holmstrom wins face-off versus Aleksi Saarela in Roadrunners zone.
19:15 of 2nd period - Icing by Brad Hunt.
19:16 of 2nd period - Dave Gust wins face-off versus Aleksi Saarela in Roadrunners zone.
19:33 of 2nd period - Shot by Anthony Greco.
19:33 of 2nd period - Stopped by Mads Sogaard without a rebound.
19:34 of 2nd period - Joe Thornton wins face-off versus Scott Wilson in Wolf Pack zone.
19:34 of 2nd period - Joe Thornton is hit by Nic Dowd.
19:58 of 2nd period - Shot by Cole Bardreau.
19:58 of 2nd period - Shot Misses the Net.
Goals for this period are 1 for Wolf Pack vs 0 for Roadrunners.
Shots for this period are 9 for Wolf Pack vs 18 for Roadrunners.

3rd period


0:01 of 3rd period - Zac Dalpe wins face-off versus Aleksi Saarela in neutral zone.
0:11 of 3rd period - Dave Gust is hit by Alexander Petrovic and loses puck.
0:20 of 3rd period - Shot by Brad Richardson.
0:20 of 3rd period - Stopped by Calvin Pickard with a rebound.
0:22 of 3rd period - Shot by Zac Dalpe .
0:22 of 3rd period - Shot Misses the Net.
1:34 of 3rd period - Cole Bardreau is hit by Nic Dowd.
2:13 of 3rd period - Shot by Justin Kirkland.
2:13 of 3rd period - Stopped by Mads Sogaard without a rebound.
2:14 of 3rd period - Zac Dalpe wins face-off versus Morgan Barron in Wolf Pack zone.
2:42 of 3rd period - Shot by Zac Dalpe .
2:42 of 3rd period - Stopped by Calvin Pickard without a rebound.
2:43 of 3rd period - Ben Holmstrom wins face-off versus Anthony Greco in Roadrunners zone.
2:47 of 3rd period - Emile Poirier is hit by Alexander Petrovic and loses puck.
3:08 of 3rd period - Shot by Anthony Greco.
3:08 of 3rd period - Shot Misses the Net.
3:10 of 3rd period - Shot by Aleksi Saarela.
3:10 of 3rd period - Stopped by Mads Sogaard without a rebound.
3:11 of 3rd period - Brad Richardson wins face-off versus Lane Pederson in Wolf Pack zone.
3:33 of 3rd period - Shot by Zac Dalpe .
3:33 of 3rd period - Goal by Zac Dalpe - Wolf Pack : 4 - Roadrunners : 1.
3:34 of 3rd period - Joe Thornton wins face-off versus Aleksi Saarela in neutral zone.
4:20 of 3rd period - Off-side.
4:21 of 3rd period - Zac Dalpe wins face-off versus Nic Dowd in neutral zone.
4:27 of 3rd period - Icing by Mac Hollowell.
4:28 of 3rd period - Zac Dalpe wins face-off versus Nic Dowd in Roadrunners zone.
5:07 of 3rd period - Shot by Nic Dowd.
5:07 of 3rd period - Stopped by Mads Sogaard with a rebound.
6:21 of 3rd period - Shot by Jeremy Bracco.
6:21 of 3rd period - Shot Misses the Net.
6:23 of 3rd period - Shot by Joe Thornton.
6:23 of 3rd period - Shot Misses the Net.
7:50 of 3rd period - Shot by Nic Dowd.
7:50 of 3rd period - Shot Misses the Net.
7:52 of 3rd period - Shot by Scott Wilson.
7:52 of 3rd period - Goal by Scott Wilson - Wolf Pack : 4 - Roadrunners : 2.
7:53 of 3rd period - Ben Holmstrom wins face-off versus Lane Pederson in neutral zone.
7:57 of 3rd period - Icing by Justin Kirkland.
7:58 of 3rd period - Ben Holmstrom wins face-off versus Lane Pederson in Roadrunners zone.
8:14 of 3rd period - Shot by Kevin Roy.
8:14 of 3rd period - Stopped by Mads Sogaard without a rebound.
8:15 of 3rd period - Zac Dalpe wins face-off versus Aleksi Saarela in Wolf Pack zone.
8:15 of 3rd period - Zac Dalpe is hit by Drake Caggiula.
9:13 of 3rd period - Icing by Michael Kapla.
9:14 of 3rd period - Ben Holmstrom wins face-off versus Nic Dowd in Wolf Pack zone.
9:40 of 3rd period - Shot by Gabriel Dumont.
9:40 of 3rd period - Deflect By Scott Wilson.
9:40 of 3rd period - Shot Misses the Net.
9:42 of 3rd period - Shot by Nic Dowd.
9:42 of 3rd period - Deflect By Scott Wilson.
9:42 of 3rd period - Stopped by Mads Sogaard without a rebound.
9:43 of 3rd period - Joe Thornton wins face-off versus Lane Pederson in Wolf Pack zone.
9:57 of 3rd period - Shot by Kevin Roy.
9:57 of 3rd period - Shot Blocked by Joe Thornton.
9:59 of 3rd period - Shot by Mac Hollowell.
9:59 of 3rd period - Goal by Mac Hollowell - Wolf Pack : 4 - Roadrunners : 3.
10:00 of 3rd period - Zac Dalpe wins face-off versus Morgan Barron in neutral zone.
10:26 of 3rd period - Icing by Dave Gust.
10:27 of 3rd period - Zac Dalpe wins face-off versus Aleksi Saarela in Wolf Pack zone.
10:36 of 3rd period - Shot by Dave Gust.
10:36 of 3rd period - Shot Misses the Net.
10:38 of 3rd period - Shot by Brad Richardson.
10:38 of 3rd period - Goal by Brad Richardson - Wolf Pack : 5 - Roadrunners : 3.
10:39 of 3rd period - Ben Holmstrom wins face-off versus Nic Dowd in neutral zone.
10:50 of 3rd period - Shot by Emile Poirier.
10:50 of 3rd period - Shot Misses the Net.
10:52 of 3rd period - Shot by Daniel Walcott.
10:52 of 3rd period - Stopped by Calvin Pickard without a rebound.
10:53 of 3rd period - Joe Thornton wins face-off versus Aleksi Saarela in Roadrunners zone.
10:59 of 3rd period - Cole Bardreau is hit by Alexander Petrovic and loses puck.
11:04 of 3rd period - Shot by Cole Bardreau.
11:04 of 3rd period - Shot Misses the Net.
11:14 of 3rd period - Shot by Cole Bardreau.
11:14 of 3rd period - Stopped by Calvin Pickard without a rebound.
11:15 of 3rd period - Nic Dowd wins face-off versus Dave Gust in Roadrunners zone.
11:26 of 3rd period - Shot by Scott Wilson.
11:26 of 3rd period - Stopped by Mads Sogaard without a rebound.
11:27 of 3rd period - Aleksi Saarela wins face-off versus Ben Holmstrom in Wolf Pack zone.
11:36 of 3rd period - Shot by Ben Holmstrom.
11:36 of 3rd period - Shot Blocked by Drake Caggiula.
12:57 of 3rd period - Shot by Brad Richardson.
12:57 of 3rd period - Stopped by Calvin Pickard with a rebound.
13:06 of 3rd period - Off-side.
13:07 of 3rd period - Joe Thornton wins face-off versus Lane Pederson in neutral zone.
13:35 of 3rd period - Minor Penalty to Santerri Saari for Holding.
13:36 of 3rd period - Aleksi Saarela wins face-off versus Zac Dalpe in Wolf Pack zone.
14:32 of 3rd period - Icing by Gabriel Dumont.
14:33 of 3rd period - Nic Dowd wins face-off versus Dave Gust in Roadrunners zone.
14:37 of 3rd period - Icing by Gabriel Dumont.
14:38 of 3rd period - Brad Richardson wins face-off versus Nic Dowd in Roadrunners zone.
14:44 of 3rd period - Icing by Mac Hollowell.
14:45 of 3rd period - Nic Dowd wins face-off versus Zac Dalpe in Roadrunners zone.
14:52 of 3rd period - Shot by Mac Hollowell.
14:52 of 3rd period - Shot Blocked by Matt Donovan.
14:54 of 3rd period - Shot by Scott Wilson.
14:54 of 3rd period - Shot Misses the Net.
14:56 of 3rd period - Shot by Nic Dowd.
14:56 of 3rd period - Shot Misses the Net.
15:54 of 3rd period - Shot by Cole Bardreau.
15:54 of 3rd period - Shot Misses the Net.
15:56 of 3rd period - Shot by Santerri Saari.
15:56 of 3rd period - Stopped by Calvin Pickard without a rebound.
15:57 of 3rd period - Aleksi Saarela wins face-off versus Ben Holmstrom in Roadrunners zone.
15:57 of 3rd period - Aleksi Saarela is hit by Luke Witkowski.
16:21 of 3rd period - Drake Caggiula is hit by Luke Witkowski and loses puck.
16:54 of 3rd period - Shot by Zac Dalpe .
16:54 of 3rd period - Deflect By Brad Richardson.
16:54 of 3rd period - Shot Blocked by Paul Ladue.
17:01 of 3rd period - Icing by Kevin Roy.
17:02 of 3rd period - Lane Pederson wins face-off versus Joe Thornton in Roadrunners zone.
17:02 of 3rd period - Kevin Roy is hit by Cole Bardreau.
17:08 of 3rd period - Shot by Cole Bardreau.
17:08 of 3rd period - Shot Blocked by Lane Pederson.
17:10 of 3rd period - Shot by Cole Bardreau.
17:10 of 3rd period - Stopped by Calvin Pickard with a rebound.
17:27 of 3rd period - Paul Ladue is hit by Santerri Saari and loses puck.
17:40 of 3rd period - Shot by Jeremy Bracco.
17:40 of 3rd period - Deflect By Joe Thornton.
17:40 of 3rd period - Shot Misses the Net.
17:42 of 3rd period - Shot by Cole Bardreau.
17:42 of 3rd period - Goal by Cole Bardreau - Wolf Pack : 6 - Roadrunners : 3.
17:43 of 3rd period - Zac Dalpe wins face-off versus Nic Dowd in neutral zone.
17:45 of 3rd period - Tyler Wotherspoon is hit by Nic Dowd and loses puck.
17:51 of 3rd period - Minor Penalty to Nic Dowd for Holding.
17:52 of 3rd period - Anthony Greco wins face-off versus Brad Richardson in Roadrunners zone.
18:25 of 3rd period - Shot by Anthony Greco.
18:25 of 3rd period - Stopped by Mads Sogaard without a rebound.
18:26 of 3rd period - Ben Holmstrom wins face-off versus Aleksi Saarela in Wolf Pack zone.
18:47 of 3rd period - Shot by Ben Holmstrom.
18:47 of 3rd period - Shot Misses the Net.
18:49 of 3rd period - Shot by Ben Holmstrom.
18:49 of 3rd period - Stopped by Calvin Pickard without a rebound.
18:50 of 3rd period - Zac Dalpe wins face-off versus Anthony Greco in Roadrunners zone.
19:45 of 3rd period - Shot by Emile Poirier.
19:45 of 3rd period - Shot Misses the Net.
19:47 of 3rd period - Shot by Luke Witkowski.
19:47 of 3rd period - Deflect By Ben Holmstrom.
19:47 of 3rd period - Stopped by Calvin Pickard with a rebound.
19:49 of 3rd period - Shot by Daniel Walcott.
19:49 of 3rd period - Shot Misses the Net.
19:51 of 3rd period - Shot by Emile Poirier.
19:51 of 3rd period - Stopped by Calvin Pickard with a rebound.
19:57 of 3rd period - Shot by Nic Dowd.
19:57 of 3rd period - Stopped by Mads Sogaard without a rebound.
19:58 of 3rd period - Nic Dowd wins face-off versus Joe Thornton in Wolf Pack zone.
Goals for this period are 3 for Wolf Pack vs 2 for Roadrunners.
Shots for this period are 13 for Wolf Pack vs 10 for Roadrunners.